 Dungeon Crawl Stone Soup version 0.19-a0-981-gaae9137 (webtiles) character file.

140 mistymad the Poker (level 5, -2/42 HPs)
             Began as a Merfolk Monk on July 15, 2016.
             Slain by an ogre
             ... wielding a +0 giant club
              (14 damage)
             ... on level 3 of the Dungeon.
             The game lasted 00:04:50 (2616 turns).

mistymad the Poker (Merfolk Monk)                   Turns: 2616, Time: 00:04:51

Health: -2/42      AC:  7    Str: 13    XL:     5   Next: 23%
Magic:  14/14      EV:  7    Int:  9    God:
Gold:   79         SH: 13    Dex: 16    Spells: 0 memorised, 4 levels left

rFire  . . .     SeeInvis .     a - +0 spear
rCold  . . .     Gourm    +     q - +0 scale mail
rNeg   . . .     Faith    .     b - +2 large shield
rPois  .         Spirit   .     (no helmet)
rElec  .         Dismiss  .     (no cloak)
rCorr  .         Reflect  .     d - +0 pair of gloves
SustAt .         Harm     .     (no boots)
MR     .....                    n - amulet of the gourmand
Stlth  +.........               (no ring)
                                m - ring of magical power

@: not resistant to hostile enchantments, very unstealthy
A: change form in water, swift swim
a: no special abilities


You were on level 3 of the Dungeon.
You were completely stuffed.

You visited 1 branch of the dungeon, and saw 3 of its levels.

You collected 79 gold pieces.

Inventory:

Hand Weapons
 a - a +0 spear (weapon)
Armour
 b - a +2 large shield (worn)
 d - a +0 pair of gloves (worn)
 q - a +0 scale mail (worn)
Jewellery
 m - a ring of magical power (left hand)
 n - an amulet of the gourmand (around neck)
 u - an uncursed ring of flight
Scrolls
 g - a scroll of noise
 k - a scroll of teleportation
 r - a scroll of enchant armour {unknown}
 v - 2 scrolls of enchant weapon {unknown}
Potions
 e - a potion of berserk rage
 i - 2 potions of curing {unknown}
 j - 2 potions of heal wounds {unknown}
 l - a potion of degeneration {unknown}
 p - a potion of resistance {unknown}
 t - a potion of brilliance {unknown}
Comestibles
 c - a bread ration
 f - a meat ration
 h - a beef jerky
 s - 7 chunks of flesh


   Skills:
 + Level 4.0 Fighting
 + Level 5.8 Polearms
 + Level 1.4 Armour
 + Level 5.0 Dodging
 - Level 2.1 Stealth
 + Level 1.0 Shields


You had 4 spell levels left.
You didn't know any spells.

Dungeon Overview and Level Annotations

Branches:
Dungeon (3/15)

Altars:
Elyvilon
Pakellas
The Shining One


Message History

The ogre is lightly wounded.
The ogre hits you with a giant club!
The giant cockroach bites the bush but does no damage.
You take 15 damage, and have 27/42 hp.
MASSIVE DAMAGE!!
You hit the ogre.
The ogre is lightly wounded.
The giant cockroach bites the bush but does no damage.
The ogre hits you with a giant club!
* * * LOW HITPOINT WARNING * * *
You take 15 damage, and have 12/42 hp.
MASSIVE DAMAGE!!
You hit the ogre.
The ogre is moderately wounded.
The giant cockroach bites the bush but does no damage.
You block the ogre's attack.
The giant cockroach completely misses the bush.
You hit the ogre.
The ogre is heavily wounded.
The giant cockroach bites the bush but does no damage.
The ogre hits you with a giant club!
You die...

#.#.#(###..#
#.#.#.###..#
#.#.#..##..#
#######.#.........
#(.....#.........#
#.#####.####..##..
#.# #.# #..####
#O# #.# #..# #@#
#.# #..# #.# #.#
#... #.# #.. .#.#
#.# ### #P# s#. ..
## ..# +##


You could see an ogre and a giant cockroach.

Vanquished Creatures
  An orc wizard (D:3)
  4 adders
  An ooze (D:1)
  2 worms
  3 dart slugs
  2 giant geckos
  8 orcs
  3 bats
  A giant cockroach (D:3)
  5 goblins
  7 hobgoblins
  A quokka (D:2)
  A ball python (D:2)
  4 giant newts
  5 kobolds (D:1)
  5 rats
53 creatures vanquished.

Notes
Turn   | Place    | Note
-------+----------+-------------------------------------------
     0 | D:1      | mistymad the Merfolk Monk began the quest for the Orb.
     0 | D:1      | Reached XP level 1. HP: 18/18 MP: 1/1
   223 | D:1      | Reached XP level 2. HP: 12/24 MP: 2/2
   445 | D:1      | Reached skill level 5 in Polearms
   802 | D:1      | Reached XP level 3. HP: 29/29 MP: 3/3
  1125 | D:2      | Found a white marble altar of Elyvilon.
  1161 | D:2      | Found an oddly glowing altar of Pakellas.
  1323 | D:2      | Found a glowing golden altar of the Shining One.
  1363 | D:2      | Reached skill level 1 in Armour
  1978 | D:2      | Reached XP level 4. HP: 35/35 MP: 4/4
  2075 | D:3      | Reached skill level 1 in Shields
  2320 | D:3      | Reached XP level 5. HP: 24/42 MP: 5/5
  2458 | D:3      | Found a faded altar of an unknown god.
  2545 | D:3      | Reached skill level 5 in Dodging
  2603 | D:3      | Noticed an ogre
  2616 | D:3      | Slain by an ogre

Vault maps used:
D:1:      minmay_arrival_jagged, minmay_crystal_water
D:2:      grunt_pakellas_basics, tso_oasis_becter,
          nicolae_overflow_hidden_temple
D:3:      gammafunk_temple_overflow_forgotten, ecumenical_altar_2

Skill      XL: |  1  2  3  4  5 |
---------------+----------------+-----
Polearms       | 5 |  5.8
Armour         | 1 |  1.4
Shields        | 1 |  1.0
Fighting       | 4 |  4.0
Dodging        | 5 |  5.0
Stealth        | |  2.1

Action                   |  1- 3 |  4- 6 || total
-------------------------+-------+-------++-------
Melee: Spear             |   137 |   150 ||   287
  Use: Scroll            |       |     4 ||     4
 Stab: Sleeping          |     6 |       ||     6
  Eat: Chunk             |     5 |    10 ||    15
Armor: Robe              |     2 |       ||     2
       Scale mail        |     5 |    25 ||    30
       Leather armour    |     3 |       ||     3
Dodge: Dodged            |    41 |    34 ||    75
Block: Large shield      |    33 |    69 ||   102
